details: 'green wants to be babysat'

« prev index next »

General information

Mini Map

Players

team 1
Humansumtincool (teal | 116 APM | 1418 actions | 12:11)
Hero icon 3 Archmage
Ability icon 2 Summon Water Elemental
Ability icon 1 Brilliance Aura

» actions
Assign group hotkey59
Basic commands4
Build / train60
ESC pressed5
Enter build submenu19
Enter hero's abilities submenu3
Give item / drop item1
Right click602
Select / deselect207
Select group hotkey377
Use ability81
1418 total
» units
Peasant13
Footman12
Rifleman6
Sorceress10
Priest2
43 total
» upgrades
Defend1
Sorceress Training1
Long Rifles1
3 total
» buildings
Altar of Kings1
Barracks1
Farm6
Scout Tower1
Arcane Tower2
Keep1
Blacksmith1
Lumber Mill1
Arcane Vault1
Arcane Sanctum3
Town Hall1
19 total
» build order
00:07 Altar of Kings
00:11 Barracks
00:19 Farm
00:51 Farm
01:27 Scout Tower
01:56 Arcane Tower
01:57 Arcane Tower
02:05 Farm
02:45 Farm
03:44 Keep
04:18 Blacksmith
04:20 Lumber Mill
04:32 Arcane Vault
05:07 Farm
06:11 Arcane Sanctum
06:14 Arcane Sanctum
06:16 Arcane Sanctum
08:23 Farm
11:57 Town Hall
» items
Scroll of Regeneration2
Lesser Clarity Potion2
4 total
Random» HumanBranch_Warren (green | 29 APM | 397 actions | 13:47)
Hero icon 2 Paladin
Ability icon 1 Holy Light
Ability icon 1 Divine Shield

» actions
Build / train47
Enter build submenu14
Enter hero's abilities submenu2
Right click157
Select / deselect144
Use ability33
397 total
» units
Peasant15
Footman13
Gryphon Rider6
34 total
» buildings
Farm5
Altar of Kings1
Barracks1
Keep1
Arcane Vault1
Lumber Mill1
Scout Tower3
Guard Tower4
Castle1
Gryphon Aviary2
Blacksmith1
21 total
» build order
00:22 Farm
00:39 Altar of Kings
00:52 Barracks
01:01 Farm
02:39 Farm
04:24 Keep
04:31 Arcane Vault
05:06 Lumber Mill
06:04 Scout Tower
06:10 Scout Tower
06:25 Guard Tower
06:34 Guard Tower
07:21 Castle
08:49 Gryphon Aviary
08:54 Gryphon Aviary
09:33 Guard Tower
09:35 Guard Tower
09:51 Blacksmith
13:22 Scout Tower
13:29 Farm
13:30 Farm
» items
Lesser Clarity Potion1
Scroll of Regeneration1
Ivory Tower2
4 total
OrcTyCobbsCleats (pink | 74 APM | 1658 actions | 22:19)
Hero icon 6 Blademaster
Ability icon 3 Wind Walk
Ability icon 2 Critical Strike
Ability icon 1 Bladestorm
Hero icon 1 Death Knight
Ability icon 1 Death Coil
Hero icon 1 Archmage
Ability icon 1 Brilliance Aura

» actions
Assign group hotkey35
Basic commands99
Build / train66
Enter build submenu33
Enter hero's abilities submenu8
Remove unit from queue3
Right click656
Select / deselect276
Select group hotkey419
Use ability63
1658 total
» units
Peon19
Grunt4
Wind Rider1
Ghoul6
Acolyte5
35 total
» upgrades
Armor3
Reinforced Defenses1
Ranged Weapons3
Masonry1
Envenomed Spears1
Liquid Fire1
10 total
» buildings
Orc Burrow5
Altar of Storms1
Barracks1
Voodoo Lounge1
War Mill2
Great Hall1
Watch Tower9
Stronghold1
Fortress1
Beastiary4
Spirit Tower2
Ziggurat5
33 total
» build order
00:11 Orc Burrow
00:53 Altar of Storms
00:54 Barracks
01:05 Orc Burrow
01:59 Voodoo Lounge
03:01 War Mill
03:35 Orc Burrow
04:15 Great Hall
05:06 Watch Tower
05:24 Watch Tower
05:24 Watch Tower
05:48 Watch Tower
06:25 Stronghold
06:29 Watch Tower
06:30 Watch Tower
07:18 Watch Tower
07:30 Watch Tower
07:30 Watch Tower
09:11 Fortress
09:29 War Mill
11:28 Beastiary
11:35 Beastiary
11:37 Beastiary
11:42 Beastiary
13:18 Orc Burrow
13:20 Orc Burrow
17:07 Spirit Tower
17:51 Ziggurat
17:52 Ziggurat
17:52 Ziggurat
18:20 Ziggurat
18:22 Ziggurat
18:50 Spirit Tower
» items
Healing Salve2
Scroll of Town Portal2
4 total
UndeadT-Rex (orange | 65 APM | 889 actions | 13:44)
Hero icon 4 Death Knight
Ability icon 2 Death Coil
Ability icon 2 Unholy Aura
Hero icon 1 Lich
Ability icon 1 Frost Nova

» actions
Assign group hotkey32
Basic commands1
Build / train53
Enter build submenu24
Enter hero's abilities submenu6
Remove unit from queue2
Right click350
Select / deselect171
Select group hotkey173
Use ability77
889 total
» units
Acolyte9
Ghoul13
Crypt Fiend2
24 total
» upgrades
Cannibalize1
Unholy Strength2
Creature Attack1
Creature Carapace1
Unholy Armor1
6 total
» buildings
Altar of Darkness1
Ziggurat8
Tomb of Relics1
Crypt1
Graveyard1
Halls of the Dead1
Spirit Tower1
Black Citadel1
Sacrificial Pit1
Temple of the Damned1
Boneyard1
18 total
» build order
00:07 Altar of Darkness
00:10 Ziggurat
00:18 Tomb of Relics
00:48 Crypt
01:08 Ziggurat
01:29 Graveyard
02:06 Ziggurat
05:20 Ziggurat
05:25 Ziggurat
05:52 Ziggurat
07:24 Halls of the Dead
07:32 Spirit Tower
09:20 Ziggurat
09:21 Ziggurat
10:39 Black Citadel
12:35 Sacrificial Pit
12:39 Temple of the Damned
13:36 Boneyard
» items
Rod of Necromancy2
Sacrificial Skull1
Scroll of Town Portal1
Scroll of Healing1
Scroll of Protection1
6 total
team 2
Random» Orcsuperod (purple | 51 APM | 524 actions | 10:19)
Hero icon 3 Far Seer
Ability icon 1 Feral Spirit
Ability icon 2 Chain Lighting

» actions
Assign group hotkey22
Basic commands8
Build / train33
Enter build submenu11
Enter hero's abilities submenu3
Give item / drop item1
Right click157
Select / deselect157
Select group hotkey101
Use ability31
524 total
» units
Peon7
Grunt5
Troll Witch Doctor5
Spirit Walker1
18 total
» upgrades
Witch Doctor Training2
Spirit Walker Training1
3 total
» buildings
Altar of Storms1
Orc Burrow4
Barracks1
Voodoo Lounge1
Stronghold1
Fortress1
Spirit Lodge3
War Mill1
13 total
» build order
00:12 Altar of Storms
00:15 Orc Burrow
00:55 Barracks
01:32 Orc Burrow
01:42 Voodoo Lounge
02:56 Stronghold
03:28 Orc Burrow
05:22 Fortress
05:24 Spirit Lodge
05:25 Spirit Lodge
06:01 Spirit Lodge
06:04 War Mill
06:07 Orc Burrow
» items
Lesser Clarity Potion2
Potion of Healing1
Healing Salve2
Scroll of Town Portal1
6 total
OrcxGRUNTLIFEx (yellow | 143 APM | 2828 actions | 19:46)
Hero icon 3 Blademaster
Ability icon 1 Wind Walk
Ability icon 2 Critical Strike
Hero icon 3 Shadow Hunter
Ability icon 2 Hex
Ability icon 1 Healing Wave

» actions
Assign group hotkey26
Basic commands19
Build / train74
Enter build submenu25
Enter hero's abilities submenu7
Remove unit from queue4
Right click953
Select / deselect444
Select group hotkey1129
Use ability147
2828 total
» units
Peon21
Grunt6
Raider3
Spirit Walker3
33 total
» upgrades
Ensnare1
Spirit Walker Training1
Armor1
Melee Weapons1
Berserker Strength1
Pillage1
6 total
» buildings
Altar of Storms1
Orc Burrow15
Barracks1
Voodoo Lounge1
Stronghold1
Beastiary1
Spirit Lodge1
War Mill1
Great Hall2
24 total
» build order
00:08 Altar of Storms
00:16 Orc Burrow
00:33 Barracks
01:44 Orc Burrow
02:03 Voodoo Lounge
03:11 Stronghold
03:36 Orc Burrow
05:45 Beastiary
05:49 Spirit Lodge
06:17 War Mill
07:22 Orc Burrow
09:35 Orc Burrow
12:38 Orc Burrow
12:40 Orc Burrow
12:58 Orc Burrow
13:11 Orc Burrow
13:32 Orc Burrow
14:01 Great Hall
16:28 Great Hall
16:30 Orc Burrow
16:35 Orc Burrow
16:53 Orc Burrow
17:02 Orc Burrow
17:06 Orc Burrow
» items
Healing Salve3
Scroll of Speed5
Lesser Clarity Potion4
Potion of Healing1
Potion of Mana1
Scroll of Town Portal1
Potion of Lesser Invulnerability1
16 total
HumanThereWasAHammer (blue | 123 APM | 2754 actions | 22:19)
Hero icon 6 Archmage
Ability icon 3 Summon Water Elemental
Ability icon 2 Brilliance Aura
Ability icon 1 Mass Teleport
Hero icon 4 Mountain King
Ability icon 2 Storm Bolt
Ability icon 2 Bash

» actions
Assign group hotkey161
Basic commands70
Build / train155
ESC pressed3
Enter build submenu28
Enter hero's abilities submenu10
Give item / drop item1
Remove unit from queue1
Right click837
Select / deselect438
Select group hotkey883
Use ability167
2754 total
» units
Peasant17
Footman5
Rifleman8
Mortar Team1
Gryphon Rider2
Siege Engine3
36 total
» upgrades
Swords3
Gunpowder3
Armor2
Masonry3
Long Rifles1
Lumber Harvesting2
Plating3
Fragmentation Shards1
Animal War Training1
Storm Hammers1
Cloud1
Barrage1
22 total
» buildings
Altar of Kings1
Farm8
Barracks1
Arcane Vault1
Blacksmith1
Lumber Mill1
Keep4
Town Hall2
Guard Tower33
Castle4
Scout Tower8
Workshop2
Gryphon Aviary2
68 total
» build order
00:34 Altar of Kings
00:38 Farm
00:48 Barracks
01:03 Farm
01:15 Farm
01:32 Arcane Vault
01:45 Blacksmith
01:55 Lumber Mill
02:01 Farm
02:32 Keep
02:33 Keep
02:33 Keep
02:54 Farm
04:05 Town Hall
06:50 Guard Tower
06:50 Guard Tower
06:51 Guard Tower
06:51 Guard Tower
06:51 Guard Tower
06:51 Guard Tower
07:27 Castle
07:27 Castle
07:27 Castle
07:34 Scout Tower
07:34 Scout Tower
07:35 Scout Tower
07:38 Scout Tower
07:45 Scout Tower
07:46 Scout Tower
07:46 Scout Tower
07:47 Scout Tower
08:14 Guard Tower
08:15 Guard Tower
08:25 Guard Tower
08:26 Guard Tower
08:26 Guard Tower
08:49 Guard Tower
08:49 Guard Tower
08:49 Guard Tower
08:49 Guard Tower
08:50 Guard Tower
08:51 Guard Tower
08:52 Guard Tower
08:52 Guard Tower
08:52 Guard Tower
09:35 Guard Tower
09:38 Guard Tower
09:38 Guard Tower
09:38 Guard Tower
09:44 Farm
10:46 Workshop
10:48 Workshop
14:10 Gryphon Aviary
14:11 Gryphon Aviary
14:49 Farm
14:51 Farm
17:37 Guard Tower
17:38 Guard Tower
17:38 Guard Tower
18:24 Town Hall
» items
Mechanical Critter7
Scroll of Regeneration6
Ivory Tower9
Scroll of Town Portal2
Boots of Speed1
Circlet of Nobility1
Periapt of Vitality2
Staff of Sanctuary1
Lesser Clarity Potion1
Staff of Teleportation2
32 total
NightElf$$$$$$$ (red | 2 APM | 40 actions | 22:19)

» actions
Build / train11
Enter build submenu1
Right click11
Select / deselect16
Use ability1
40 total
» units
Wisp11
11 total
» buildings
Moon Well1
1 total
» build order
01:39 Moon Well

Chat log


(06:30 / Allies) Branch_Warren: tp or i die
(06:43 / Allies) TyCobbsCleats: orange got you
(06:44 / Allies) Branch_Warren: you fuck sticks
(06:47 / Allies) T-Rex: militia

(08:48 / Allies) sumtincool: lol pink
(09:40 / Allies) TyCobbsCleats: expos
(09:50 / Allies) sumtincool: naw
(09:52 / Allies) sumtincool: just hit burrows
(10:14 / Allies) TyCobbsCleats: b out
(10:15 / Allies) sumtincool: harrass expo with 1 hero
(10:28 / Allies) Branch_Warren: TP
(10:56 / Allies) Branch_Warren: assholes.
(10:58 / Allies) Branch_Warren: help me
(11:03 / Allies) TyCobbsCleats: dude I don't have anything
(11:25 / Allies) Branch_Warren: you have hero+4...
(11:48 / All) ThereWasAHammer: lol
(11:54 / All) ThereWasAHammer: pathetic
(12:20 / Allies) Branch_Warren: pink you fucktard
(12:39 / Allies) Branch_Warren: gold me pink
(12:42 / Allies) Branch_Warren: you have 4k
(13:07 / Allies) Branch_Warren: pink..........
(13:11 / Allies) TyCobbsCleats: what
(13:15 / Allies) Branch_Warren: GOLD ME
(13:39 / Allies) Branch_Warren: now tp and help me
(13:44 / All) ThereWasAHammer: green is total noob trash

(19:33 / All) TyCobbsCleats: bye bitch
(19:39 / All) ThereWasAHammer: gg
(19:42 / All) ThereWasAHammer: I have a noob team
(19:44 / All) ThereWasAHammer: had to carry
(19:48 / All) ThereWasAHammer: but yellow is total noob trash
(19:51 / All) ThereWasAHammer: LOL
(20:00 / All) TyCobbsCleats: yellow was GARBAGE
(20:01 / All) ThereWasAHammer: the only player left other than us is red and he was an afk feedbot
(20:03 / All) TyCobbsCleats: too bad he left before I could say
(20:30 / All) TyCobbsCleats: what's money's stats
(20:33 / All) ThereWasAHammer: I guess yellow on my team too
(20:44 / All) ThereWasAHammer: 1-1
(21:27 / All) ThereWasAHammer: Your team has 3 legit
(21:31 / All) ThereWasAHammer: and red isn't legit player
(21:35 / All) ThereWasAHammer: stats I say
(21:37 / All) TyCobbsCleats: stats the other 2
(21:46 / All) ThereWasAHammer: Purp 213-344 LOL
(21:49 / All) TyCobbsCleats: lol
(21:57 / All) TyCobbsCleats: him and yellow were garbage
(22:07 / All) ThereWasAHammer: what's your team's stats
(22:08 / All) TyCobbsCleats: I was whooping them with my 4 grunts and bm
(22:15 / All) TyCobbsCleats: Let's just give green a loss, he deserves it